 Dungeon Crawl Stone Soup version 0.31-b1-22-gc680215f68 (webtiles) character file.

Game seed: 4304535701536179251

79 Arctor the Shooter (level 4, 0/26 HPs)
             Began as a Kobold Hexslinger on Jan 19, 2024.
             Slain by a hobgoblin (3 damage)
             ... led by Robin
             ... on level 2 of the Dungeon.
             The game lasted 00:03:45 (1560 turns).

Arctor the Shooter (Kobold Hexslinger)              Turns: 1560, Time: 00:03:46

Health: 0/26       AC:  3    Str:  5    XL:     4   Next: 64%
Magic:  6/6        EV: 16    Int: 14    God:
Gold:   55         SH:  0    Dex: 19    Spells: 4/6 levels left

rFire   . . .        a - +1 sling
rCold   . . .        (no shield)
rNeg    . . .        c - +0 robe
rPois   .            g - +0 helmet
rElec   .            (no cloak)
rCorr   .            (no gloves)
SInv    .            (no boots)
Will    .....        h - amulet of magic regeneration
Stlth   +++          (no ring)
HPRegen 0.24/turn    (no ring)
MPRegen 0.50/turn

%: no passive effects
@: weak-willed
A: small, no large weapons, nightstalker 3
a: no special abilities


You were on level 2 of the Dungeon.
You visited 1 branch of the dungeon, and saw 2 of its levels.

You collected 55 gold pieces.

Inventory:

Hand Weapons
 a - a +1 sling (weapon)
Armour
 c - a +0 robe (worn)
 g - a +0 helmet (worn)
 o - a +0 pair of boots
Jewellery
 h - an amulet of magic regeneration (around neck)
Scrolls
 b - a scroll of poison
 e - a scroll of identify
 k - a scroll of fear
Potions
 d - a potion of degeneration {unknown}
 f - a potion of enlightenment {unknown}
 i - a potion of berserk rage {unknown}
 j - a potion of lignification {unknown}
 l - a potion of curing {unknown}
 m - a potion of attraction {unknown}
 n - a potion of haste
 p - a potion of heal wounds {unknown}


   Skills:
 + Level 1.9 Fighting
 + Level 3.4 Ranged Weapons
 + Level 3.2 Dodging
 + Level 1.9 Spellcasting
 + Level 3.3 Hexes
 + Level 1.8 Fire Magic


You had 4 spell levels left.
You knew the following spells:

 Your Spells              Type           Power      Damage    Failure   Level
a - Jinxbite              Hex            20%        N/A       9%          2

Your spell library contained the following spells:

 Spells                   Type           Power      Damage    Failure   Level
 Sigil of Binding         Hex            10%        N/A       19%         3
 Inner Flame              Hex/Fire       8%         N/A       26%         3
 Cause Fear               Hex            5%         N/A       52%         4
 Dimensional Bullseye     Hex/Tloc       3%         N/A       75%         4


Dungeon Overview and Level Annotations

Branches:
Dungeon (2/15)

Altars:

Shops:
D:1 :

Annotations:
D:2 Sigmund


Innate Abilities, Weirdness & Mutations

You are small and have problems with some larger weapons.
You are completely attuned to the shadows.


Message History

Unknown command.
You shoot a sling bullet. The sling bullet barely misses Robin.
A giggling sprite leaps out and makes Robin trip over their own feet.
Robin is almost dead.
The jinxing sprites lose interest in you.
Robin closely misses you. The goblin barely misses you.
A hobgoblin comes into view.
The goblin attacks as it pursues you! The goblin closely misses you.
A goblin comes into view. It is wielding a +0 dagger.
Robin hits you but does no damage.
Things that are here:
a +0 club; a goblin corpse Robin throws the goblin at you!
The goblin hits you with a +0 club.
You see here a +0 dagger.
You shoot a sling bullet. The sling bullet hits the goblin.
The goblin is heavily wounded.
You hear a shout!
The goblin barely misses you.
You shoot a sling bullet. The sling bullet hits the goblin.
You kill the goblin!
Robin hits you with a +1 dagger of speed.
* * * LOW HITPOINT WARNING * * *
A goblin comes into view. It is wielding a +0 club.
The goblin unwields a +0 dagger.
The goblin wields a +0 sling.
The goblin shoots a sling bullet.
The sling bullet closely misses you.
Robin roars a battlecry!
The goblins go into a battle-frenzy!
You hear a shout! x2
You shoot a sling bullet. The sling bullet hits Robin.
Robin is almost dead.
Robin seems less drained.
Robin hits you with a +1 dagger of speed.
* * * LOW HITPOINT WARNING * * *
The hobgoblin hits you.
* * * LOW HITPOINT WARNING * * *
You shoot a sling bullet. The sling bullet hits Robin.
You kill Robin!
A goblin comes into view. It is wielding a +0 club.
The hobgoblin hits you.
You die...

##... #..#. ..#
##.### .. #.# #..#..
#g #.###. ##.##.^
#.####.#... #..#...
##.#......# ##.##...
#ggg.##..## #...###.
g..#@###..####.#...##
.. #)#......##.###...
. #.#......##...###.
#........#..#...##
###.##..##.####...
#..#..#..#..#.#.
##...##.##....##
######.#..#.....#.
......##)##....##.


You could see a hobgoblin (strong) and 3 goblins.

Vanquished Creatures
  Robin (D:2)
  3 adders (D:2)
  2 dart slugs (D:1)
  A ribbon worm (D:2)
  2 bats (D:1)
  5 endoplasms
  4 giant cockroaches
  9 goblins
  3 hobgoblins
  2 kobolds (D:2)
  A quokka (D:2)
  6 ball pythons
  2 frilled lizards (D:1)
  4 rats
45 creatures vanquished.

Notes
Turn   | Place    | Note
-------+----------+-------------------------------------------
     0 | D:1      | Arctor the Kobold Hexslinger began the quest for the Orb.
     0 | D:1      | Reached XP level 1. HP: 12/12 MP: 2/2
    35 | D:1      | Found Joloh's Book Emporium.
   134 | D:1      | Reached XP level 2. HP: 9/16 MP: 3/3
   458 | D:1      | Reached XP level 3. HP: 20/20 MP: 5/5
  1014 | D:2      | Noticed Sigmund
  1055 | D:1      | Learned a level 2 spell: Jinxbite
  1353 | D:2      | Reached XP level 4. HP: 25/26 MP: 6/6
  1544 | D:2      | Noticed Robin
  1560 | D:2      | Killed Robin
  1560 | D:2      | Slain by a hobgoblin

Illustrated notes

Levels and vault maps discovered:
D:1:      matt_arrival_spirals, layout_basic, serial_shops, shop
D:2:      minmay_skewed_foursquare, layout_rooms, uniq_sigmund,
          uniq_crazy_yiuf_cottage, uniq_robin

Skill      XL: |  1  2  3 |
---------------+----------+-----
Ranged Weapons | 3 |  3.4
Dodging        | 3 |  3.2
Fighting       | |  1.9
Spellcasting   | |  1.9
Hexes          | |  3.3
Fire Magic     | |  1.8

Action                     |  1- 3 |  4- 6 || total
---------------------------+-------+-------++-------
   Fire: Sling             |    98 |    44 ||   142
   Cast: Jinxbite          |     1 |     1 ||     2
    Use: Scroll            |     2 |       ||     2
         Potion            |     2 |       ||     2
 Armour: Robe              |    25 |    27 ||    52
  Dodge: Dodged            |    56 |    22 ||    78
